 Dungeon Crawl Stone Soup version 0.19-a0-1201-gda63bca (webtiles) character file.

35 Duffy the Conjurer (level 3, 19/24 HPs)
             Began as a Demonspawn Wizard on Aug 21, 2016.
             Quit the game on level 2 of the Dungeon.
             The game lasted 00:02:31 (1262 turns).

Duffy the Conjurer (Demonspawn Wizard)              Turns: 1262, Time: 00:02:32

Health: 19/24      AC:  3    Str:  7    XL:     3   Next: 16%
Magic:  2/7        EV: 14    Int: 20    God:
Gold:   67         SH:  0    Dex: 11    Spells: 4 memorised, 1 level left

rFire  . . .     SeeInvis .     g - +0 whip
rCold  . . .     Gourm    .     a - +0 robe
rNeg   . . .     Faith    .     (no shield)
rPois  .         Spirit   .     b - +0 hat
rElec  .         Dismiss  .     (no cloak)
rCorr  .         Reflect  .     (no gloves)
MR     .....     Harm     .     e - +0 pair of boots
Stlth  ++........               (no amulet)
                                (no ring)
                                (no ring)

@: repel missiles
A: repulsion field 1, demonic guardian 1
a: no special abilities


You were on level 2 of the Dungeon.
You were not hungry.

You visited 1 branch of the dungeon, and saw 2 of its levels.

You collected 67 gold pieces.

Inventory:

Hand Weapons
 g - a +0 whip (weapon)
Missiles
 f - 22 stones (quivered)
Armour
 a - a +0 robe (worn)
 b - a +0 hat (worn)
 e - a +0 pair of boots (worn)
Scrolls
 i - a scroll of immolation {unknown}
 k - a scroll of amnesia {unknown}
Potions
 j - 2 potions of flight {unknown}
 m - a potion of might {unknown}
Books
 c - a book of Minor Magic

   Spells                             Type                      Level
   a - Magic Dart                     Conjuration                  1
   b - Blink                          Translocation                2
   c - Call Imp                       Summoning                    2
   d - Repel Missiles                 Charms/Air                   2
   e - Slow                           Hexes                        2
   f - Conjure Flame                  Conjuration/Fire             3
   g - Mephitic Cloud                 Conjuration/Poison/Air       3
Comestibles
 d - a bread ration
 h - a meat ration
 l - 4 chunks of flesh


   Skills:
 - Level 1.7 Dodging
 - Level 1.7 Stealth
 - Level 3.0 Spellcasting
 + Level 3.1 Conjurations
 - Level 1.0 Summonings
 - Level 0.8 Translocations


You had one spell level left.
You knew the following spells:

 Your Spells              Type           Power        Failure   Level  Hunger
a - Magic Dart            Conj           ###.         4%          1    None
i - Call Imp              Summ           #.......     17%         2    ##.....
m - Repel Missiles        Chrm/Air       #.....       24%         2    ##.....
B - Blink                 Tloc           N/A          17%         2    ##.....


Dungeon Overview and Level Annotations

Branches:
Dungeon (2/15)

Altars:


Innate Abilities, Weirdness & Mutations

You are surrounded by a mild repulsion field. (EV +2)
A weak demonic guardian rushes to your aid.


Message History

Casting: Magic Dart
Confirm with . or Enter, or press ? or * to list all spells.
Aiming: Magic Dart
Press: ? - help, Shift-Dir - straight line, f/p - gnoll
Aim: a gnoll (almost dead)
The magic dart hits the gnoll.
You kill the gnoll!
Your Conjurations skill increases to level 3!
You have reached level 3!
Your experience leads to an increase in your attributes!
Increase (S)trength, (I)ntelligence, or (D)exterity?
You feel clever.
Your demonic ancestry asserts itself...
You feel the presence of a demonic guardian.
You see here a gnoll corpse.
You butcher the gnoll corpse.
l - 4 chunks of flesh You see here a gnoll skeleton.
You start resting.
A kobold comes into view. It is wielding a short sword.
Are you sure you want to abandon this character and quit the game? (Confirm with "yes".)

#.#####...#.777.# . # #.#
#...#..7..# #.... #.#
##.K#.....# #.... #.#
#..###'##### ##.... #.#
#.#>...# #.######.. .....
#.# #.#.#### ##.......#
#.... #.#### #.#..##
##.######.###.... #....#
#.#.#.###.## #.##....#
####.# #.#.#%.#@#.##
#......<# #.#
#.#.#.#.#.#.########....#
#.#
#.#.#.##.###.............
#.#
#.#.......#.#.#####...#.#
####.# #.###.####.##.#
#...#.# #....# #.# #.#
####.# #.(.#.. #.#### #.#
#.#######.# #...#..
#.######.###.........#
#...#..
##.##.........#########
#...###


There were no monsters in sight!

Vanquished Creatures
  A gnoll (D:2)
  An ooze (D:1)
  2 bats (D:1)
  A giant cockroach (D:2)
  5 goblins
  2 hobgoblins (D:1)
  2 jackals (D:2)
  4 kobolds
  2 rats (D:2)
20 creatures vanquished.

Notes
Turn   | Place    | Note
-------+----------+-------------------------------------------
     0 | D:1      | Duffy the Demonspawn Wizard began the quest for the Orb.
     0 | D:1      | Reached XP level 1. HP: 13/13 MP: 4/4
   686 | D:2      | Gained mutation: You are surrounded by a mild repulsion field. (EV +2) [demonic ancestry]
   686 | D:2      | Reached XP level 2. HP: 15/19 MP: 3/6
   847 | D:1      | Learned a level 2 spell: Blink
   850 | D:1      | Learned a level 2 spell: Repel Missiles
   853 | D:1      | Learned a level 2 spell: Call Imp
  1253 | D:2      | Gained mutation: A weak demonic guardian rushes to your aid. [demonic ancestry]
  1253 | D:2      | Reached XP level 3. HP: 18/24 MP: 1/7
  1262 | D:2      | Quit the game

Vault maps used:
D:1:      kennysheep_arrival_forest, minmay_hexomino_r4
D:2:      lemuel_doored_altar, kennysheep_generic_room_13

Skill      XL: |  1  2 |
---------------+-------+-----
Conjurations   | 2 3 |  3.1
Dodging        | |  1.7
Stealth        | |  1.7
Spellcasting   | |  3.0
Summonings     | |  1.0
Translocations | |  0.8

Action                   || total
-------------------------++-------
Melee: Whip              ||    19
 Cast: Magic Dart        ||    55
       Blink             ||     1
       Repel Missiles    ||     1
  Eat: Chunk             ||     1
Armor: Robe              ||     6
Dodge: Dodged            ||    43
